Workbook

Sheet Sheet1
B1: Enterprise value multiples from a high-growth FCFF model
B2: Enter the following inputs for the two-stage free cash flow to the firm
C3: High Growth | D3: Stable Growth
B4: Number of years | C4: 10
B5: Expected growth rate | C5: 0.096 | D5: 0.035
B6: Reinvestment rate | C6: 0.6 | D6: 0.2917
B7: Cost of capital | C7: 0.0803 | D7: 0.0774
B8: After-tax operating margin | C8: 0.1443 | D8: 0.05
B9: Tax rate | C9: 0.4 | D9: 0.4
B11: Scaling inputs (used to compue multiples): Do not enter
B12: Expected operating income after taxes next year | C12: =1 -> 1 | D12: (in $ per share)
B13: Book value of invested capital | C13: =C12/F19 -> 6.25
B14: Expected revnues next year | C14: =C12/C8 -> 6.9300069
D15: Equity Multiples from a DDM
B16: Enter the following inputs for the two-stage DDM (If you are using FCFE, compute the potential payout ratio = 1- FCFE/ Net Income)
B17: High Growth Period
B18: Length of high-growth period (n) = | C18: =C4 -> 10 | D18: (Number of periods)
B19: Growth rate during period (g) = | C19: =C5 -> 0.096 | D19: (in percent) | E19: Expected ROIC = | F19: =C19/C6 -> 0.16
B20: Operating margin after taxes | C20: =C8 -> 0.1443 | E20: Sales to capital = | F20: =F19/C20 -> 1.1088011
B21: Reinvestment rate | C21: =C6 -> 0.6 | D21: (in percent)
B22: Cost of capital during period = | C22: =C7 -> 0.0803 | D22: (in percent)
B23: Stable Growth Period
B24: Growth rate in steady state = | C24: =D5 -> 0.035 | D24: (in percent)
B25: Operating margin after taxes | C25: =D8 -> 0.05
B26: Reinvestment rate = | C26: =D6 -> 0.2917 | D26: (in percent) | E26: Expected ROIC= | F26: =C24/C26 -> 0.11998629
B27: Cost of capital in steady state = | C27: =D7 -> 0.0774 | D27: (in percent) | E27: Sales to capital = | F27: =F26/C25 -> 2.3997257
B28: Output
B29: Enterprise value today = | C29: =IF(C19=C22,C12*C18+C12*(1+C19)^(C18-1)*(1+C24)*(1-C26)/((C27-C24)*(1+C22)^C18),C12*(1-C21)*(1-((1+C19)^C18/(1+C22)^C18))/(C22-C19)+C12*(1+C19)^(C18-1)*(1+C24)*(1-C26)/((C27-C24)*(1+C22)^C18)) -> 22.178421
C30: EV/EBIT | D30: EV/EBIT (1-t) | E30: EV to Inv capital | F30: EV to sales
B31: Trailing | C31: =C32*(1+C5) -> 14.584529 | D31: =D32*(1+C5) -> 24.307549 | E31: =C29/C13 -> 3.5485473 | F31: =F32*(1+C5) -> 3.5075793
B32: Forward | C32: =C29/(C12/(1-C9)) -> 13.307052 | D32: =C29/C12 -> 22.178421 | F32: =C29/C14 -> 3.2003461
F36: EV to IC equatioin
F37: =F19*(((1-C21)*(1-(1+C19)^C18/(1+C22)^C18))/(C22-C19)+((1+C19)^(C18-1)*(1+C24)*(1-C26))/((C22-C24)*(1+C22)^C18)) -> 3.3618824
F39: EV toS equation
F40: =C20*(((1-C21)*(1-(1+C19)^C18/(1+C22)^C18))/(C22-C19)+((1+C19)^(C18-1)*(1+C24)*(1-C26))/((C22-C24)*(1+C22)^C18)) -> 3.0319977
F47: =(1.79-0.64)*2000 -> 2300

Sheet Sheet2
A1: Expected ROE | B1: ROE minus COE | C1: Price to Book
A2: 0.05 | B2: =A2-Sheet1!$C$22 -> -0.0303 | C2: 0.46
A3: 0.1 | B3: =A3-Sheet1!$C$22 -> 0.0197 | C3: 1.07
A4: 0.15 | B4: =A4-Sheet1!$C$22 -> 0.0697 | C4: 1.84
A5: 0.2 | B5: =A5-Sheet1!$C$22 -> 0.1197 | C5: 2.82
A6: 0.25 | B6: =A6-Sheet1!$C$22 -> 0.1697 | C6: 4.01
A7: 0.3 | B7: =A7-Sheet1!$C$22 -> 0.2197 | C7: 5.47
A8: 0.35 | B8: =A8-Sheet1!$C$22 -> 0.2697 | C8: 7.22
A9: 0.4 | B9: =A9-Sheet1!$C$22 -> 0.3197 | C9: 9.3

Sheet Sheet3

Sheet Sheet4

Sheet Sheet5

Sheet Sheet6

Sheet Sheet7

Sheet Sheet8

Sheet Sheet9

Sheet Sheet10

Sheet Sheet11

Sheet Sheet12

Sheet Sheet13

Sheet Sheet14

Sheet Sheet15

Sheet Sheet16
